 Dungeon Crawl Stone Soup version 0.30-a0-373-gd37427bb62 (webtiles) character file.

Game seed: 16433769179158636290

56915 Bnni the Impaler (level 15, -1/120 (129) HPs)
             Began as a Formicid Fighter on Nov 24, 2022.
             Was an Initiate of Yredelemnul.
             Killed from afar by Josephine (11 damage)
             ... with a ghostly fireball
             ... on level 2 of the Orcish Mines on Nov 25, 2022.
             The game lasted 00:41:35 (21509 turns).

Bnni the Impaler (Formicid Fighter)                Turns: 21509, Time: 00:41:36

HP:   -1/120 (129)  AC: 22    Str: 25    XL:     15   Next: 24%
MP:   24/24         EV: 10    Int: 11    God:    Yredelemnul [......]
Gold: 403           SH:  6    Dex: 18    Spells: 14/14 levels left

rFire   + . .      SeeInvis +    C - +2 halberd (freeze)
rCold   . . .      Faith    +    z - +0 buckler
rNeg    . . .      Spirit   .    Q - +4 plate armour of the Shoals {+Inv rF+}
rPois   +          Reflect  .    (helmet unavailable)
rElec   +          Harm     .    L - +2 cloak
rCorr   .          Rampage  .    F - +0 pair of gloves
Will    +....                    I - +0 pair of boots
Stlth   ..........               O - amulet of faith
HPRegen 0.40/turn                m - +4 ring of evasion
MPRegen 0.19/turn                c - ring "Reahofej" {rElec rPois Dex+5}

@: studying Invocations, drained
A: permanent stasis, dig shafts and tunnels, antennae 3, four strong arms
a: Dig, Shaft Self, Renounce Religion, Evoke Invisibility, Recall Undead Harvest


You were on level 2 of the Orcish Mines.
You worshipped Yredelemnul.
Yredelemnul was pleased with you.
You visited 4 branches of the dungeon, and saw 21 of its levels.
You also visited: Ossuary and Ice Cave.

You collected 1523 gold pieces.
You spent 1120 gold pieces at shops.

Inventory:

Hand Weapons
 a - a +0 trident
 h - a +1 hand axe of venom
 C - a +2 halberd of freezing (weapon)
Missiles
 g - a throwing net (quivered)
 j - 8 boomerangs
 H - 2 atropa-tipped darts
 S - 5 curare-tipped darts
Armour
 z - a +0 buckler (worn)
 F - a +0 pair of gloves (worn)
 I - a +0 pair of boots (worn)
 L - a +2 cloak (worn)
 Q - the +4 plate armour of the Shoals (worn) {+Inv rF+}
   (You found it on level 2 of the Lair of Beasts)

   rF:        It protects you from fire.
   +Inv:      It lets you turn invisible.
Jewellery
 c - the ring "Reahofej" (right hand) {rElec rPois Dex+5}
   (You found it on level 5 of the Dungeon)

   [ring of poison resistance]

   Dex:       It affects your dexterity (+5).
   rElec:     It insulates you from electricity.
   rPois:     It protects you from poison.
 m - a +4 ring of evasion (left hand)
 A - a ring of positive energy
 K - a ring of protection from cold
 O - an amulet of faith (around neck)
Wands
 b - a wand of light (11)
 e - a wand of mindburst (14)
 w - a wand of polymorph (8)
 D - a wand of paralysis (22)
 G - a wand of roots (9)
 R - a wand of digging (13)
 T - a wand of flame (13)
Scrolls
 i - 4 scrolls of immolation
 k - 2 scrolls of enchant armour
 l - 4 scrolls of amnesia
 o - 2 scrolls of poison
 q - 5 scrolls of magic mapping
 r - 3 scrolls of enchant weapon
 v - 3 scrolls of fear
 y - 5 scrolls of vulnerability
 E - 3 scrolls of silence
 M - a scroll of butterflies
Potions
 d - a potion of invisibility {unknown}
 f - a potion of resistance {unknown}
 n - 5 potions of mutation {unknown}
 p - 9 potions of flight {unknown}
 s - 6 potions of curing
 u - 6 potions of attraction {unknown}
 x - a potion of magic {unknown}
 B - 2 potions of cancellation {unknown}
 N - 2 potions of might
 P - 2 potions of ambrosia {unknown}
Miscellaneous
 J - a phantom mirror


   Skills:
 + Level 15.0 Fighting
 * Level 18.7 Polearms
 + Level 5.7 Armour
 + Level 7.5 Shields
 + Level 12.5 Invocations


You had 14 spell levels left.
You didn't know any spells.
Your spell library contained the following spells:

 Spells                   Type           Power      Damage    Failure   Level
 Beastly Appendage        Tmut           0%         N/A       99%         1
 Kiss of Death            Conj/Necr      0%         2d5       99%         1
 Sandblast                Erth           0%         2d4       99%         1
 Slow                     Hex            0%         N/A       99%         1
 Passwall                 Tmut/Erth      0%         N/A       100%        2
 Wereblood                Tmut           0%         N/A       100%        2
 Confusing Touch          Hex            0%         N/A       100%        3
 Kindle Blastsparks       Fire/Tloc/Air  0%         2d10      100%        3
 Spider Form              Tmut/Pois      0%         N/A       100%        3
 Stone Arrow              Conj/Erth      0%         3d7       100%        3
 Tukima's Dance           Hex            0%         N/A       100%        3
 Dispel Undead            Necr           0%         3d6       100%        4
 Fulminant Prism          Conj/Hex       0%         3d5       100%        4
 Iskenderun's Mystic Bla  Conj/Tloc      0%         2d3       100%        4
 Fireball                 Conj/Fire      0%         3d3       100%        5
 Iskenderun's Battlesphe  Conj           0%         2d6       100%        5
 Lee's Rapid Deconstruct  Erth           0%         3d4*      100%        5
 Summon Forest            Summ/Tloc      0%         N/A       100%        5
 Conjure Ball Lightning   Conj/Air       0%         3x3d6     100%        6
 Eringya's Noxious Bog    Tmut/Pois      0%         N/A       100%        6
 Orb of Destruction       Conj           0%         9d5       100%        7
 Summon Hydra             Summ           0%         N/A       100%        7


Dungeon Overview and Level Annotations

Branches:
Dungeon (13/15)            Temple (1/1) D:5            Lair (5/5) D:8
 Shoals (0/4) Lair:3       Spider (0/4) Lair:3        Slime (0/5) Lair:5
    Orc (2/2) D:12        Ossuary (visited)           IceCv (visited)
    Elf: Orc:2       Vaults: D:13-14

Altars:
Ashenzari
Cheibriados
Dithmenos
Elyvilon
Fedhas
Gozag
Hepliaklqana
Kikubaaqudgha
Makhleb
Nemelex Xobeh
Okawaru
Qazlal
Ru
Sif Muna
Trog
Uskayaw
Vehumet
Wu Jian
Xom
Yredelemnul
Zin
The Shining One
Jiyva
Lugonu

Shops:
D:2 (:   D:5 =   D:7 *

Annotations:
Orc:2 Josephine


Innate Abilities, Weirdness & Mutations

You cannot be hasted, slowed, berserked, paralysed or teleported.
You can dig through walls and to a lower floor.
You have a pair of large antennae on your head. (SInv)
Your four strong arms can wield two-handed weapons with a shield.


Message History

The orc hits your ogre zombie with a +0 hand axe.
The wraith hits your ogre zombie!
Your ogre zombie is destroyed!
Josephine points at you and mumbles some strange words.
The ghostly flame explodes!
The ghostly fireball engulfs your ogre zombie.
Your ogre zombie completely resists.
The ghostly fireball engulfs the orc!
The orc is drained!
The orc dies!
The ghostly fireball engulfs you!!
You feel drained.
* * * LOW HITPOINT WARNING * * *
A two-headed ogre comes into view.
It is wielding a +0 giant club and a +0 giant spiked club.
The ogre mage pleads, "Please!
I have a lot of children!"
The two-headed ogre yells at you, "GO AWAY!"
A two-headed ogre comes into view. It is wielding two +0 giant clubs.
The two-headed ogre shouts in stereo!
You hear a shout! x4
You feel better. The wraith hits your ogre zombie!
The wraith drains your ogre zombie's vigour!
Your ogre zombie seems to slow down.
Josephine hits your ogre zombie with a +0 dagger!
Your ogre zombie is destroyed!
The two-headed ogre prays for help.
Items here: ( ))) [[.
The cyclops gives up.
The troll pleads, "Why can't we all just get along?"
An orc wizard comes into view. It is wielding a +0 dagger.
An orc priest comes into view. It is wielding a +0 short sword.
The orc priest shouts!
You hear a shout! x2
The orc priest mumbles some strange prayers to Beogh against you.
Beogh smites you!
* * * LOW HITPOINT WARNING * * *
There is a stone staircase leading up here.
The wraith hits you.
* * * LOW HITPOINT WARNING * * *
The wraith drains your vigour!
Your stasis prevents you from being slowed.
Josephine casts a spell at you.
The ghostly flame explodes!
The ghostly fireball engulfs you!
You feel drained.
You die...
Your body rises from the dead as a mindless zombie.

#........## #...
............ #...#.
.o.........##.#...#
....#..........#.$
...o......).....#
...............####
...................
......$............
.......@WO....####
.$......WO)..## {
......#.@.)))#
.....$.....)O#O
.........)#))O.OOO.
#.........).O......
........$....#.....
.............##..O.
..$........# ##..


You could see Josephine, 3 two-headed ogres, 2 wraiths, 2 ogres, an orc priest
and an orc wizard.

Vanquished Creatures
  Harold (D:9)
  3 boulder beetles (Lair:3)
  An ogre mage (Orc:2)
  4 catoblepae
  2 death yaks (Lair:5)
  2 two-headed ogres
  A deep elf pyromancer (D:7)
  A manticore (D:11)
  A cyclops (D:11)
  6 ugly things
  An ice statue (IceCv)
  Joseph (D:7)
  11 elephants
  3 black mambas
  A torpor snail (Lair:3)
  6 cane toads
  A kobold demonologist (D:10)
  8 komodo dragons
  A rime drake (Lair:5)
  Psyche (D:11)
  A freezing wraith (IceCv)
  An ancient zyme (D:7)
  3 trolls
  3 hornets
  8 blink frogs
  A slime creature (Lair:1)
  5 dream sheep (Lair:4)
  2 culicivoras (Lair:3)
  2 wraiths
  40 yaks
  A vampire (D:12)
  3 wyverns
  A basilisk (Lair:1)
  Grum (D:9)
  2 death yak simulacra
  3 vampire mosquitoes (D:12)
  Menkaure (Ossuary)
  13 water moccasins
  An acid dragon (D:13)
  The ghost of stil the Digger, an amateur GrEE of Gozag (D:4)
  3 orc warriors
  A black bear (D:5)
  3 ogres
  An ice beast (D:8)
  5 centaurs
  14 wolves
  4 small abominations (D:7)
  3 kobold brigands
  A necrophage (D:6)
  8 bullfrogs
  A gnoll sergeant (D:11)
  A cane toad simulacrum (Lair:1)
  5 scorpions
  8 killer bees
  7 electric eels
  An elephant simulacrum (IceCv)
  8 howler monkeys
  2 hounds
  3 jellies (Lair:1)
  8 orc priests
  2 iguanas
  16 orc wizards
  A polar bear simulacrum (IceCv)
  2 wolf simulacra
  3 mummies (Ossuary)
  8 gnolls
  6 adders
  2 ufetubi (D:6)
  3 worms
  38 orcs
  4 ball pythons
  2 bats (D:3)
  20 endoplasms
  A giant cockroach (D:3)
  3 gnoll skeletons (Ossuary)
  2 hobgoblins
  5 quokkas
  3 frilled lizards (D:2)
  A gnoll zombie (Ossuary)
  2 goblins (D:2)
  5 goblin skeletons (Ossuary)
  3 goblin zombies (Ossuary)
  2 hobgoblin skeletons (Ossuary)
  5 hobgoblin zombies (Ossuary)
  13 kobolds
  3 kobold skeletons (Ossuary)
  5 kobold zombies (Ossuary)
  4 orc skeletons (Ossuary)
  8 orc zombies (Ossuary)
  2 rats (D:3)
  8 rat skeletons (Ossuary)
  3 rat zombies (Ossuary)
421 creatures vanquished.

Vanquished Creatures (collateral kills)
  A hydra (Lair:5)
  A catoblepas (Lair:5)
  2 two-headed ogres (Orc:2)
  5 death yaks
  A dancing weapon (D:13)
  An ogre mage (Orc:2)
  Sonja (Lair:5)
  A manticore (Lair:5)
  A cyclops (D:12)
  4 elephants
  2 black mambas
  An ice statue (IceCv)
  3 cane toads
  A komodo dragon (Lair:5)
  A polar bear (Lair:1)
  4 blink frogs
  A dream sheep (Lair:4)
  19 yaks
  2 basilisks
  4 water moccasins
  5 ogres (Orc:2)
  2 wolves
  A bullfrog (Lair:2)
  A killer bee (D:10)
  A hound (shapeshifter) (D:13)
  A jelly (Lair:1)
  3 orc priests
  An orc wizard (Orc:2)
  8 orcs
  2 endoplasms (Lair:1)
  A kobold (D:10)
  An orc zombie (Orc:1)
  A bush (Lair:3)
84 creatures vanquished.

Vanquished Creatures (others)
  A spectral hydra (Lair:5)
  A spectral manticore (Orc:2)
  A black mamba zombie (Lair:5)
  3 two-headed ogre zombies
  A cane toad zombie (Lair:3)
  A hornet zombie (D:9)
  2 elephant zombies (Lair:3)
  A blink frog zombie (Lair:3)
  2 komodo dragon zombies
  A cyclops zombie (D:12)
  A water moccasin zombie (Lair:2)
  13 yak zombies
  6 wolf zombies
  2 centaur zombies (D:9)
  A basilisk zombie (Lair:5)
  2 kobold zombies (D:10)
  A killer bee zombie (D:10)
  7 ogre zombies (Orc:2)
  2 howler monkey zombies (D:12)
  2 gnoll zombies (D:11)
  13 orc zombies
  An orc (Orc:2)
  3 endoplasm zombies (Lair:1)
  45 fungi
  96 plants
  4 toadstools (D:1)
213 creatures vanquished.

Grand Total: 718 creatures vanquished

Notes
Turn   | Place    | Note
-------+----------+-------------------------------------------
     0 | D:1      | Bnni the Formicid Fighter began the quest for the Orb.
     0 | D:1      | Reached XP level 1. HP: 18/18 MP: 1/1
   368 | D:1      | You fall into a shaft and drop 1 floor!
   406 | D:2      | Reached XP level 2. HP: 20/24 MP: 2/2
   481 | D:2      | Found Nuerae's Antique Weapon Emporium.
   491 | D:2      | Reached XP level 3. HP: 19/29 MP: 3/3
   531 | D:2      | Found Gicw's Vocational Training.
   659 | D:2      | Reached skill level 3 in Polearms
   929 | D:2      | Reached XP level 4. HP: 37/37 MP: 4/4
  1248 | D:3      | Identified the +5 longbow "Zacowaj" {freeze, rElec rC+}
  1509 | D:3      | Identified the +3 long sword of the Madman {holy, Dex+2}
  1894 | D:4      | Found a sand-covered staircase.
  1901 | D:4      | Reached skill level 5 in Shields
  1901 | D:4      | Reached XP level 5. HP: 39/42 MP: 5/5
  1902 | D:4      | Reached skill level 4 in Polearms
  1909 | Ossuary  | Entered an ossuary
  2204 | Ossuary  | Noticed Menkaure
  2620 | Ossuary  | Killed Menkaure
  2621 | Ossuary  | Reached skill level 5 in Polearms
  2621 | Ossuary  | Reached XP level 6. HP: 50/50 MP: 6/6
  2827 | D:4      | Reached skill level 5 in Fighting
  2845 | D:4      | Reached XP level 7. HP: 16/56 MP: 7/7
  3208 | D:4      | Reached skill level 6 in Polearms
  3210 | D:4      | Found a shadowy altar of Dithmenos.
  3335 | D:4      | Found a runed translucent door.
  3339 | D:4      | Noticed stil's ghost (amateur GrEE)
  3646 | D:4      | Killed stil's ghost
  3866 | D:4      | Found a shimmering blue altar of Sif Muna.
  3866 | D:4      | Found a faded altar of an unknown god.
  3873 | D:4      | Found a sacrificial altar of Ru.
  3878 | D:4      | Found a bloodstained altar of Trog.
  3880 | D:4      | Found a glowing golden altar of the Shining One.
  4024 | D:5      | Entered Level 5 of the Dungeon
  4046 | D:5      | Noticed a water moccasin
  4069 | D:5      | Killed a water moccasin
  4070 | D:5      | Reached skill level 7 in Polearms
  4070 | D:5      | Reached XP level 8. HP: 27/64 MP: 8/8
  4227 | D:5      | Found Tuwoofef's Jewellery Shoppe.
  4249 | D:5      | Identified the ring "Reahofej" {rElec rPois Dex+5}
  4264 | D:5      | Found a staircase to the Ecumenical Temple.
  4282 | Temple   | Entered the Ecumenical Temple
  4896 | D:5      | Reached skill level 8 in Polearms
  5677 | D:6      | Identified the +1 robe of Agnosticism {rPois rF+ Dex+6
                  | Slay-3}
  6317 | D:7      | Reached XP level 9. HP: 41/72 MP: 9/9
  6433 | D:7      | Found a transporter.
  6436 | D:7      | Found a transporter.
  6436 | D:7      | Noticed a brown ugly thing
  6437 | D:7      | Found a corrupted altar of Lugonu.
  6438 | D:7      | Noticed a red ugly thing
  6439 | D:7      | Noticed an ancient zyme
  6548 | D:7      | Identified the +4 ring mail "Votozxu" {+Inv Int-4 Slay+2}
  6696 | D:7      | Found Peeg Bei's Assorted Antiques.
  6750 | D:7      | Reached skill level 9 in Polearms
  6973 | D:7      | Noticed Joseph
  6995 | D:7      | Killed Joseph
  7252 | D:7      | Noticed a deep elf pyromancer
  7254 | D:7      | Killed a deep elf pyromancer
  7255 | D:7      | Reached skill level 10 in Polearms
  7335 | D:7      | Killed a brown ugly thing
  7336 | D:7      | Reached XP level 10. HP: 77/82 MP: 10/10
  7340 | D:7      | Killed a brown ugly thing
  7341 | D:7      | Reached skill level 11 in Polearms
  8063 | D:8      | Reached skill level 12 in Polearms
  8216 | D:8      | Found a radiant altar of Vehumet.
  8274 | D:8      | Noticed a komodo dragon
  8275 | D:8      | Found a staircase to the Lair.
  8294 | D:8      | Killed a komodo dragon
  8472 | D:8      | Reached skill level 10 in Fighting
  8674 | D:8      | Found an opulent altar of Gozag.
  8681 | D:8      | Found a basalt altar of Yredelemnul.
  8685 | D:8      | Became a worshipper of Yredelemnul the Dark
  9079 | D:9      | Reached XP level 11. HP: 92/92 MP: 11/11
  9145 | D:9      | Reached * piety under Yredelemnul
  9344 | D:9      | Reached ** piety under Yredelemnul
  9364 | D:9      | Noticed Grum
  9373 | D:9      | Killed Grum
  9374 | D:9      | Reached skill level 13 in Polearms
  9660 | D:9      | Noticed Harold
  9677 | D:9      | Killed Harold
 10452 | D:10     | Entered Level 10 of the Dungeon
 10497 | D:10     | Noticed a soul eater
 10503 | D:10     | HP: 4/93 [ice devil[a kobold demonologist] (22)]
 10824 | D:10     | Noticed a two-headed ogre
 10835 | D:10     | Killed a two-headed ogre
 10836 | D:10     | Reached skill level 14 in Polearms
 11154 | D:10     | Got Lofof's Compendium of Interference
 11368 | D:10     | Found an ornate altar of the Wu Jian Council.
 11606 | D:10     | Reached skill level 1 in Invocations
 11925 | D:11     | Noticed a cyan ugly thing
 11931 | D:11     | Killed a cyan ugly thing
 12402 | D:11     | Noticed a purple ugly thing
 12404 | D:11     | Noticed Psyche
 12411 | D:11     | Killed a purple ugly thing
 12412 | D:11     | Reached *** piety under Yredelemnul
 12412 | D:11     | Reached XP level 12. HP: 93/101 MP: 11/14
 12413 | D:11     | Killed Psyche
 12854 | D:12     | Found a staircase to the Orcish Mines.
 12980 | D:12     | Reached skill level 15 in Polearms
 13408 | D:12     | Identified the +8 quarterstaff of Erretoty {speed, rN+}
 13524 | D:13     | Noticed a +6 long sword
 13544 | D:13     | Killed a +6 long sword
 13556 | D:13     | Reached skill level 5 in Invocations
 13607 | D:13     | Noticed a +4 long sword
 13858 | Lair:1   | Entered Level 1 of the Lair of Beasts
 14276 | Lair:1   | Reached **** piety under Yredelemnul
 14283 | Lair:1   | Reached ***** piety under Yredelemnul
 14337 | Lair:1   | Found a frozen archway.
 14574 | IceCv    | Entered an ice cave
 14747 | IceCv    | Found a transporter.
 14757 | IceCv    | Found a transporter.
 15209 | Lair:1   | Reached XP level 13. HP: 103/109 MP: 17/17
 15227 | Lair:1   | Reached skill level 16 in Polearms
 16168 | Lair:2   | Identified the +4 plate armour of the Shoals {+Inv rF+}
 16922 | Lair:3   | Found a hole to the Spider Nest.
 16955 | Lair:3   | Found a staircase to the Shoals.
 17083 | Lair:3   | Reached skill level 17 in Polearms
 17225 | Lair:3   | Reached ****** piety under Yredelemnul
 17536 | Lair:3   | Noticed a six-headed hydra
 17546 | Lair:3   | Killed a six-headed hydra
 17546 | Lair:3   | Enslaved a six-headed hydra
 17551 | Lair:3   | Reached XP level 14. HP: 77/119 MP: 12/20
 18599 | D:2      | Bought a manual of Invocations for 1120 gold pieces
 18794 | Orc:1    | Entered Level 1 of the Orcish Mines
 19384 | Lair:4   | Reached skill level 10 in Invocations
 19836 | Lair:5   | Entered Level 5 of the Lair of Beasts
 19855 | Lair:5   | Reached skill level 18 in Polearms
 20290 | Lair:5   | Found a staircase to the Slime Pits.
 20290 | Lair:5   | Found a viscous altar of Jiyva.
 20465 | Lair:5   | Reached skill level 5 in Armour
 20537 | Lair:5   | Reached XP level 15. HP: 114/127 MP: 22/24
 20726 | Lair:5   | Noticed Sonja
 20732 | Lair:5   | Killed Sonja
 21452 | Orc:2    | Entered Level 2 of the Orcish Mines
 21491 | Orc:2    | Noticed Josephine
 21496 | Orc:2    | Reached skill level 15 in Fighting
 21509 | Orc:2    | Killed from afar by Josephine

Illustrated notes

Levels and vault maps discovered:
D:1:      sevenhm_arrival_forest_fort_small_5, layout_basic,
          minmay_gold_behind_fungi, item_on_display_a
D:2:      layout_basic, serial_shops, nicolae_shop_trees,
          nicolae_shop_vocational
D:3:      layout_basic
D:4:      layout_cave_pools, chequers_temple_overflow_minitemple,
          nicolae_dithmenos_through_a_glass_darkly,
          hellmonk_ghost_happy_afterlife, chequers_ossuary_entry_cave
D:5:      layout_basic, minmay_temple_entry_tees, serial_shops, shop,
          minmay_misc_feat_encased, uniq_menkaure
D:6:      layout_basic, sigmund_army
D:7:      gammafunk_corrupted_shrine, layout_basic, serial_shops,
          nicolae_shop_stone, guppyfry_early_elven_hall, uniq_joseph
D:8:      layout_basic, mainiacjoe_overflow_big_doors,
          nicolae_vehumet_altar_sigil, david_lair_shrubbed
D:9:      layout_basic, kennysheep_generic_room_12, uniq_grum, uniq_harold
D:10:     layout_stronghold, mainiacjoe_overflow_alcove_2
D:11:     layout_loops_ring, kennysheep_small_circle, uniq_psyche
D:12:     layout_gridville, david_orc_2
D:13:     layout_stronghold, erik_vaults_1, kennysheep_just_a_vault
Temple:   nicolae_temple_ecumenical_triangle
Lair:1:   lemuel_slime, layout_hall_layers, portal_ice_cave_entry_ice_simulacra,
          lemuel_fruit_tree
Lair:2:   layout_regular_city, grunt_megastairs_2
Lair:3:   layout_small_grid, elwin_shoals_entry_rocks,
          hellmonk_spider_entry_life_and_decay, minmay_shattered_shrine,
          serial_bayou_shore_a
Lair:4:   layout_loops_ring
Lair:5:   evilmike_catoblepas_cave, layout_regular_city, slime_entry_1,
          uniq_sonja
Orc:1:    layout_caves
Orc:2:    st_orc_ogre_mass, layout_caves, uniq_josephine

Skill      XL: |  1  2  3  4  5  6  7  8  9 10 11 12 13 14 15 |
---------------+----------------------------------------------+-----
Polearms       | 3 5 7 8 10 12 14 15 17 18 | 18.7
Fighting       | 4 5 6 7 8 10 11 12 13 14 15 | 15.0
Shields        | 5 6 7 |  7.5
Invocations    | 3 6 9 12 | 12.5
Armour         | 5 |  5.7

Action                   |  1- 3 |  4- 6 |  7- 9 | 10-12 | 13-15 || total
-------------------------+-------+-------+-------+-------+-------++-------
Melee: Trident           |    47 |   219 |   206 |       |    21 ||   493
       Dagger            |       |       |    54 |       |       ||    54
       Halberd           |       |       |    43 |   492 |   526 ||  1061
       Quarterstaff      |       |       |       |    92 |       ||    92
Throw: Dart              |       |       |       |     9 |       ||     9
Invok: Recall Undead Har |       |       |       |     3 |     6 ||     9
       Bind Soul         |       |       |       |       |     3 ||     3
 Abil: Dig               |       |       |       |     4 |       ||     4
Evoke: Wand              |       |       |       |     1 |       ||     1
       Phantom mirror    |       |       |       |     1 |     2 ||     3
  Use: Scroll            |       |     6 |     5 |     5 |     8 ||    24
       Potion            |       |     1 |     3 |     6 |     1 ||    11
 Stab: Sleeping          |       |       |     1 |       |       ||     1
       Distracted        |       |       |       |     4 |    12 ||    16
       Invisible         |       |       |       |     2 |       ||     2
       Petrifying        |       |       |       |       |     1 ||     1
Armor: Scale mail        |     5 |    46 |   101 |       |       ||   152
       Skin              |       |     3 |       |       |       ||     3
       Ring mail         |       |       |    11 |    10 |       ||    21
       Plate armour      |       |       |       |   144 |   159 ||   303
Dodge: Dodged            |    12 |    45 |    84 |   168 |   109 ||   418
Block: Buckler           |     6 |    36 |    79 |   100 |    84 ||   305

Table legend: (Time is in decaauts)
 A = Elapsed time spent in this place.
 B = Non-inter-level travel time spent in this place.
 C = Inter-level travel time spent in this place.
 D = Time resting spent in this place.
 E = Time spent auto-exploring this place.
 F = Levels seen in this place.
 G = Mean time per level.
                   A        B        C        D        E       F      G
               +--------+--------+--------+--------+--------+-----+--------+
         Total |  21292 |  19825 |   1467 |   2804 |  13464 |  23 |  925.7 |
       Dungeon |  13448 |  12260 |   1188 |   1784 |   8719 |  13 | 1034.5 |
        Temple |     88 |     79 |      9 |      0 |     73 |   1 |   88.0 |
          Lair |   6115 |   5861 |    254 |    338 |   4487 |   5 | 1223.0 |
  Orcish Mines |    197 |    182 |     15 |      0 |    124 |   2 |   98.5 |
       Ossuary |    913 |    913 |      0 |    258 |     61 |   1 |  913.0 |
      Ice Cave |    527 |    527 |      0 |    424 |      0 |   1 |  527.0 |
               +--------+--------+--------+--------+--------+-----+--------+

Top non-repeatable levels by time:
     D:9: 1763 daAuts
  Lair:3: 1640 daAuts
     D:7: 1492 daAuts
    D:10: 1369 daAuts
  Lair:1: 1310 daAuts
     D:4: 1271 daAuts
     D:8: 1258 daAuts
  Lair:5: 1238 daAuts
     D:6: 1236 daAuts
  Lair:2: 1059 daAuts
     D:5: 976 daAuts
    D:11: 930 daAuts
 Ossuary: 913 daAuts
     D:2: 893 daAuts
  Lair:4: 866 daAuts
